Map: Crimson Court LE

Players

Electric

  • Race: Protoss Protoss
  • Spawn Location: 1:00

Nyck - Winner!

  • Race: Terran Terran
  • Spawn Location: 7:00

VOD

Have the link to the VOD?

Description

Time

  • Played on: Oct. 9, 2024, 2:36 p.m.
  • Length: 6:31
Show
View Real Time Build Order
Export as new Build Order

Electric Protoss 

Build Orders:  

Get SALT Encoding   

  12  0:02  Probe (Chrono Boost)  
  13  0:12  Probe (Chrono Boost)  
  14  0:34  Pylon  
  14  0:35  Probe  
  15  0:39  Pylon  
  15  0:52  Probe  
  16  1:02  Gateway  
  16  1:04  Probe (Chrono Boost)  
  17  1:05  Forge  
  17  1:17  Assimilator  
  17  1:26  Assimilator  
  17  1:30  Pylon  
  17  1:33  Pylon  
  17  1:37  Pylon  
  17  1:53  Photon Cannon  
  17  1:55  Photon Cannon  
  17  2:05  Photon Cannon  
  17  2:18  Cybernetics Core  
  15  2:41  Photon Cannon  
  12  3:18  Photon Cannon  
  7  3:41  Probe (Chrono Boost)  
  8  3:52  Probe (Chrono Boost)  
  9  4:05  Probe  
  10  4:18  Probe (Chrono Boost)  
  11  4:29  Probe (Chrono Boost)  
  12  5:25  Nexus  
  12  5:53  Twilight Council  
  12  6:00  Robotics Facility  
  12  6:02  Probe (Chrono Boost)  
  14  6:12  Probe (Chrono Boost)  
  14  6:17  Probe (Chrono Boost)  
Show
View Real Time Build Order
Export as new Build Order

Nyck Terran - Winner!

Build Orders:  

Get SALT Encoding   

  12  0:00  SCV  
  13  0:12  SCV  
  14  0:17  Supply Depot  
  14  0:24  SCV  
  15  0:40  SCV  
  15  0:41  Barracks  
  16  0:46  Refinery  
  16  0:52  SCV  
  17  1:02  Refinery  
  17  1:04  SCV  
  18  1:16  SCV  
  19  1:28  Reaper  
  19  1:30  Orbital Command, Supply Depot  
  20  1:57  SCV  
  21  2:07  Command Center  
  21  2:11  SCV  
  22  2:22  Factory  
  22  2:23  Barracks Reactor  
  22  2:29  SCV  
  23  2:41  SCV  
  24  2:53  SCV  
  25  3:05  SCV  
  26  3:11  Marine x2  
  28  3:17  SCV  
  29  3:20  SCV  
  30  3:28  Marine x2  
  30  3:29  SCV  
  34  3:34  Refinery  
  34  3:37  Orbital Command  
  34  3:39  Refinery  
  32  3:41  SCV  
  32  3:45  Starport  
  32  3:46  Starport  
  33  3:53  SCV  
  34  3:57  Factory Tech Lab  
  34  3:59  Marine x2  
  36  4:04  SCV  
  36  4:05  SCV  
  38  4:16  SCV  
  39  4:18  SCV  
  39  4:21  Starport  
  39  4:22  Starport Tech Lab x2  
  40  4:29  Supply Depot, Fusion Core  
  40  4:30  SCV  
  41  4:37  SCV  
  42  4:48  Cloaking Field  
  42  4:52  Supply Depot, Banshee x2  
  45  4:55  SCV x2  
  50  5:07  SCV x2  
  50  5:14  Marine x2  
  53  5:15  Supply Depot, Command Center  
  54  5:23  SCV x2  
  56  5:35  SCV x2  
  58  5:46  Supply Depot  
  58  5:54  SCV x2  
  60  6:06  SCV  
  60  6:07  SCV  
  60  6:09  Supply Depot  
  62  6:18  SCV  
Tags
 
Add a new tag
Caveats
  • Supply blocks, unpowered buildings, or Contaminate may cause inaccurate times.
  • Supply counts are checked every 10 seconds.